 Dungeon Crawl Stone Soup version 0.23.2 (webtiles) character file.

Game seed: 3116328277608517464

4739 Gingko the Fortune-Teller (level 10, -9/60 HPs)
             Began as a Gargoyle Fighter on Apr 4, 2019.
             Was a Believer of Nemelex Xobeh.
             Splashed by an orc's acid (13 damage)
             ... on level 8 of the Dungeon.
             The game lasted 01:13:20 (7832 turns).

Gingko the Fortune-Teller (Gargoyle Fighter)        Turns: 7832, Time: 01:13:20

Health: -9/60      AC: 21    Str: 22    XL:     10   Next: 46%
Magic:  16/16      EV:  7    Int: 10    God:    Nemelex Xobeh [**....]
Gold:   317        SH: 10    Dex:  9    Spells: 9/9 levels left

rFire    . . .     SeeInvis +   a - +0 flail
rCold    . . .     Gourm    .   c - +0 shield
rNeg     + . .     Faith    .   u - +0 plate armour
rPois    ∞         Spirit   .   s - +0 helmet
rElec    +         Reflect  .   L - +0 cloak
rCorr    .         Harm     .   G - +2 pair of gloves
MR       .....                  (no boots)
Stlth    ..........             p - amulet of regeneration
HPRegen  0.60/turn              n - ring of see invisible
MPRegen  0.15/turn              (no ring)

@: corroded
A: negative energy resistance 1, electricity resistance, unbreathing,
petrification resistance, rot immunity, AC +7
a: Draw Escape, Draw Destruction, Draw Summoning, Renounce Religion


You were on level 8 of the Dungeon.
You worshipped Nemelex Xobeh.
Nemelex Xobeh was pleased with you.
You were not hungry.

You visited 1 branch of the dungeon, and saw 8 of its levels.

You collected 317 gold pieces.

Inventory:

Hand Weapons
 a - a +0 flail (weapon)
Missiles
 l - 143 arrows
 w - 72 poisoned needles
 N - 2 tomahawks (quivered)
Armour
 b - a +0 scale mail
 c - a +0 shield (worn)
 s - a +0 helmet (worn)
 u - a +0 plate armour (worn)
 G - a +2 pair of gloves (worn)
 L - a +0 cloak (worn)
Jewellery
 j - an uncursed amulet of harm
 n - a ring of see invisible (left hand)
 p - an amulet of regeneration (around neck)
 C - an uncursed amulet of the gourmand
Wands
 q - a wand of digging (6)
 x - a wand of polymorph (4)
 E - a wand of acid (12)
 H - a wand of enslavement (8)
 I - a wand of random effects (1)
 M - a wand of iceblast (9)
Scrolls
 d - a scroll of immolation
 e - a scroll of fear
 h - 2 scrolls of magic mapping
 i - a scroll of blinking
 m - 3 scrolls of remove curse
 o - 5 scrolls of teleportation
 r - 3 scrolls of enchant weapon {unknown}
 t - a scroll of noise
 y - a scroll of fog {unknown}
 B - a scroll of random uselessness {unknown}
 F - 3 scrolls of identify
 K - a scroll of enchant armour {unknown}
Potions
 g - a potion of magic
 k - 5 potions of curing
 v - 4 potions of agility
 A - 2 potions of lignification
 D - a potion of flight
 J - 2 potions of mutation
Comestibles
 f - 14 rations
 z - 2 chunks of flesh


   Skills:
 - Level 6.0 Fighting
 + Level 7.5 Maces & Flails
 - Level 0.4 Throwing
 - Level 6.0 Armour
 - Level 6.0 Dodging
 - Level 0.1 Stealth
 - Level 6.0 Shields
 * Level 8.0 Invocations


You had 9 spell levels left.
You didn't know any spells.
Your spell library was empty.

Dungeon Overview and Level Annotations

Branches:
Dungeon (8/15)             Temple (0/1) D:6
   Lair: D:8-11

Altars:
Ashenzari
Cheibriados
Elyvilon
Nemelex Xobeh
Okawaru
Qazlal
Ru
Uskayaw
Wu Jian
Xom
Yredelemnul

Annotations:
D:6 Prince Ribbit


Innate Abilities, Weirdness & Mutations

You are resistant to torment.
Your stone body is resilient. (AC +7)
You are immune to poison.
You resist negative energy. (rN+)
You are resistant to electric shocks. (rElec)
You can survive without breathing.
You are immune to petrification.
You are immune to rotting.


Message History

You are splashed with acid!
You hit the orc.
The orc is severely wounded.
The orc zaps a wand.
The bolt of acid hits you.
You are splashed with acid!
* * * LOW HITPOINT WARNING * * *
Your shield and plate armour prevent you from hitting the orc.
The orc is severely wounded.
The orc hits you with a +0 flail.
* * * LOW HITPOINT WARNING * * *
You closely miss the orc.
The orc is severely wounded.
The orc zaps a wand.
The bolt of acid hits you.
* * * LOW HITPOINT WARNING * * *
The acid corrodes you!
You are splashed with acid!
* * * LOW HITPOINT WARNING * * *
The orc zaps a wand.
The bolt of acid hits you but does no damage.
You are splashed with acid!
You die...
Your body disappears without a glow.

≈.≈ ♣≈.≈♣ ≈.≈ .....
≈.≈♣♣♣≈≈≈♣♣♣≈≈≈♣♣♣
.....
≈≈≈≈≈≈≈≈≈≈≈≈≈≈≈≈≈≈
.....
≈.≈≈.≈.≈≈≈....≈.≈.
#...#
≈.≈≈≈≈≈≈≈≈≈≈≈≈≈≈≈
#...# ♣≈. ♣≈≈≈♣ ♣≈≈≈♣
# ♣≈≈≈ ♣≈.≈♣ ♣≈.≈♣ .
♣≈.≈♣♣♣≈.≈♣♣♣≈o≈♣♣♣≈≈#
≈≈.≈≈≈≈≈.≈≈≈≈≈@≈≈≈≈≈≈#
≈≈.≈.....≈...≈≈≈≈.≈.≈#
≈≈.≈≈≈≈≈.≈≈≈≈≈≈≈≈≈≈≈.#
♣≈.≈♣♣♣≈.≈♣♣♣≈.≈.♣.≈≈#
♣≈.≈ ♣≈≈≈♣ ♣≈.≈♣♣♣≈.#
♣≈≈≈♣♣♣≈.≈♣♣♣≈.≈♣♣♣§≈#
≈≈≈≈≈≈≈.≈≈≈≈≈.≈≈≈≈§.#
.≈..≈.≈≈≈..≈..≈.≈.§≈#
≈.≈≈≈≈≈.≈≈≈≈≈.≈≈≈≈§.#


You could see an orc.

Vanquished Creatures
  A troll (D:6)
  Grinder (D:6)
  A hippogriff (D:7)
  Sigmund (D:6)
  2 orc warriors (D:8)
  A black bear (D:7)
  3 sky beasts
  2 ice beasts
  3 necrophages
  A phantom (D:8)
  3 ogres
  2 centaurs
  3 bullfrogs
  2 scorpions
  A killer bee (D:8)
  A water moccasin skeleton (D:7)
  4 wights (D:7)
  3 electric eels (D:8)
  2 vampire bats (D:7)
  2 howler monkeys (D:8)
  A crimson imp (D:7)
  A quasit (D:7)
  2 centaur zombies (D:7)
  3 jellies (D:8)
  Crazy Yiuf (D:6)
  2 hounds
  7 orc priests
  3 bullfrog skeletons
  Ijyb (D:5)
  4 iguanas
  10 orc wizards
  6 worker ants
  A hound skeleton (D:5)
  A worker ant zombie (D:7)
  15 adders
  3 shadow imps
  An ooze (D:6)
  An adder zombie (D:5)
  2 worms
  A dart slug (D:3)
  4 leopard geckos
  30 orcs
  A ball python (D:3)
  8 giant cockroaches
  9 goblins
  13 hobgoblins
  9 jackals
  15 bats
  6 frilled lizards
  A jackal zombie (D:8)
  5 kobolds
  2 leopard gecko skeletons
  9 rats
217 creatures vanquished.

Vanquished Creatures (collateral kills)
  Eustachio (D:6)
1 creature vanquished.

Vanquished Creatures (others)
  2 electric eels (D:8)
  2 orc wizards (D:6)
  2 orcs (D:6)
6 creatures vanquished.

Grand Total: 224 creatures vanquished

Notes
Turn   | Place    | Note
-------+----------+-------------------------------------------
     0 | D:1      | Gingko the Gargoyle Fighter began the quest for the Orb.
     0 | D:1      | Reached XP level 1. HP: 14/14 MP: 1/1
   150 | D:1      | Reached XP level 2. HP: 19/19 MP: 2/2
   741 | D:1      | Reached XP level 3. HP: 20/23 MP: 3/3
   911 | D:2      | Found an ornate altar of the Wu Jian Council.
  1031 | D:2      | Reached XP level 4. HP: 28/28 MP: 4/4
  1550 | D:2      | Found a basalt altar of Yredelemnul.
  1729 | D:2      | Reached XP level 5. HP: 32/32 MP: 5/5
  2250 | D:3      | Reached skill level 5 in Maces & Flails
  2284 | D:3      | Noticed an ice beast
  2295 | D:3      | Killed an ice beast
  2295 | D:3      | Reached XP level 6. HP: 28/37 MP: 6/6
  2483 | D:3      | Found a faded altar of an unknown god.
  2501 | D:3      | Became a worshipper of Nemelex Xobeh the Trickster
  2501 | D:3      | Received a gift from Nemelex Xobeh
  2501 | D:3      | Reached * piety under Nemelex Xobeh
  2585 | D:3      | Found a hide-covered altar of Uskayaw.
  2585 | D:3      | Found a stormy altar of Qazlal.
  2959 | D:4      | Received a gift from Nemelex Xobeh
  3135 | D:4      | Reached skill level 1 in Invocations
  3526 | D:4      | Found a shattered altar of Ashenzari.
  3678 | D:4      | Reached skill level 2 in Invocations
  3826 | D:4      | Reached ** piety under Nemelex Xobeh
  3955 | D:5      | Entered Level 5 of the Dungeon
  3968 | D:5      | Found an iron altar of Okawaru.
  3977 | D:5      | Reached skill level 3 in Invocations
  3977 | D:5      | Killed Ijyb
  3977 | D:5      | Reached XP level 7. HP: 41/41 MP: 9/9
  4074 | D:5      | Reached skill level 4 in Invocations
  4100 | D:5      | Reached skill level 5 in Invocations
  4282 | D:5      | Found a snail-covered altar of Cheibriados.
  4335 | D:5      | Reached skill level 6 in Invocations
  4349 | D:5      | Reached XP level 8. HP: 37/46 MP: 11/13
  4459 | D:5      | Reached skill level 7 in Invocations
  4500 | D:5      | Found a white marble altar of Elyvilon.
  4526 | D:5      | Found an iron altar of Okawaru.
  4896 | D:6      | Noticed Eustachio
  4929 | D:6      | Noticed Sigmund
  4935 | D:6      | Killed Eustachio
  4939 | D:6      | Killed Sigmund
  4939 | D:6      | Reached skill level 5 in Armour
  4939 | D:6      | Reached skill level 5 in Shields
  4995 | D:6      | Noticed Grinder
  5000 | D:6      | Killed Grinder
  5027 | D:6      | Reached XP level 9. HP: 40/51 MP: 14/14
  5035 | D:6      | Reached skill level 1 in Dodging
  5163 | D:6      | Noticed Prince Ribbit
  5243 | D:6      | Found a shimmering altar of Xom.
  5249 | D:6      | Noticed a troll
  5269 | D:6      | Killed a troll
  5335 | D:6      | Found a sacrificial altar of Ru.
  5528 | D:6      | Received a gift from Nemelex Xobeh
  5645 | D:6      | Reached skill level 5 in Fighting
  5662 | D:6      | Found a runed translucent door.
  5663 | D:6      | Noticed Crazy Yiuf
  5677 | D:6      | Killed Crazy Yiuf
  5754 | D:6      | Found a staircase to the Ecumenical Temple.
  6152 | D:7      | Reached skill level 5 in Dodging
  6515 | D:7      | Received a gift from Nemelex Xobeh
  6545 | D:7      | Reached XP level 10. HP: 55/60 MP: 15/15
  6642 | D:7      | Reached *** piety under Nemelex Xobeh
  7747 | D:8      | Reached skill level 8 in Invocations
  7832 | D:8      | Splashed by an orc's acid

Skill      XL: |  1  2  3  4  5  6  7  8  9 10 |
---------------+-------------------------------+-----
Maces & Flails | 3 4 5 6 7 |  7.5
Invocations    | 3 6 7 8 |  8.0
Shields        | 6 |  6.0
Armour         | 6 |  6.0
Dodging        | 5 6 |  6.0
Fighting       | 6 |  6.0
Throwing       | |  0.4
Stealth        | |  0.1

Action                   |  1- 3 |  4- 6 |  7- 9 | 10-12 || total
-------------------------+-------+-------+-------+-------++-------
Melee: Flail             |   104 |   302 |   608 |   277 ||  1291
Throw: Tomahawk          |       |       |     2 |       ||     2
       Throwing net      |       |       |     1 |       ||     1
Invok: Triple Draw       |       |       |       |     1 ||     1
 Abil: Draw Destruction  |       |       |     5 |    10 ||    15
       Draw Summoning    |       |       |     1 |       ||     1
Evoke: Wand              |       |     1 |    10 |     3 ||    14
  Use: Potion            |       |     1 |     3 |     1 ||     5
       Scroll            |       |     9 |     4 |       ||    13
  Eat: Chunk             |     1 |     8 |    11 |     5 ||    25
Armor: Scale mail        |    61 |    28 |       |       ||    89
       Plate armour      |       |   243 |   558 |   167 ||   968
Dodge: Dodged            |    33 |    53 |   194 |    61 ||   341
Block: Shield            |    59 |   180 |   380 |   155 ||   774
